 Dungeon Crawl Stone Soup version 0.31-a0-656-gb4d89c20fa (webtiles) character file.

Game seed: 12449780131751778593

66962 Midn8 the Black Belt (level 14, -1/180 HPs)
             Began as a Vampire Warper on Aug 30, 2023.
             Was an Initiate of Gozag.
             Slain by Rupert
             ... wielding a +5 battleaxe of electrocution
              (13 damage)
             ... on level 12 of the Dungeon.
             The game lasted 01:06:54 (20593 turns).

Midn8 the Black Belt (Vampire Warper)              Turns: 20593, Time: 01:06:55

Health: -1/180     AC: 24    Str: 14    XL:     14   Next: 81%
Magic:  17/17      EV:  9    Int: 16    God:    Gozag
Gold:   4626       SH:  5    Dex: 14    Spells: 15/17 levels left

rFire   . .          .
                       - Unarmed
rCold   . . .        T - +0 buckler
rNeg    . . .        g - +2 chain mail {rPois}
rPois   +            I - +1 helmet
rElec   .            (no cloak)
rCorr   .            E - +1 pair of gloves
SInv    +            F - +1 pair of boots
Will    ++...        Q - amulet of regeneration Stlth
                     w - ring of willpower
HPRegen 1.50/turn    n - +4 ring of protection
MPRegen 0.15/turn

%: no passive effects
@: berserking (expiring), healing quickly, very quick
A: alive, fangs 3, see invisible, vampiric 2
a: Exsanguinate, Renounce Religion, Potion Petition, Call Merchant, Bribe Branch


You were on level 12 of the Dungeon.
You worshipped Gozag.
Gozag was most pleased with you.
You visited 2 branches of the dungeon, and saw 17 of its levels.
You also visited: Ossuary.

You collected 6846 gold pieces.
You spent 217 gold pieces at shops.
You paid 2003 gold pieces to Gozag.

Inventory:

Hand Weapons
 C - the +10 whip of Death {freeze, rElec rF+ Dex-3 SInv}
   (You found it on level 4 of the Dungeon)

   Dex-3:     It affects your dexterity (-3).
   rF+:       It protects you from fire.
   rElec:     It insulates you from electricity.
   SInv:      It lets you see invisible.
Missiles
 f - 175 stones
 u - 20 boomerangs
 M - 9 poisoned darts (quivered)
 R - 5 throwing nets
 W - 7 javelins
 X - 6 atropa-tipped darts
Armour
 g - a +2 chain mail of poison resistance (worn)
 E - a +1 pair of gloves (worn)
 F - a +1 pair of boots (worn)
 I - a +1 helmet (worn)
 N - a +1 plate armour of fire resistance
 T - a +0 buckler (worn)
Jewellery
 e - a ring of protection from cold
 n - a +4 ring of protection (right hand)
 w - a ring of willpower (left hand)
 Q - an amulet of regeneration (around neck)
Talismans
 h - a maw talisman
 y - a blade talisman
Wands
 A - a wand of charming (2)
 P - a wand of iceblast (9)
 Z - a wand of digging (9)
Scrolls
 a - 4 scrolls of identify
 b - 5 scrolls of blinking
 i - 3 scrolls of immolation
 k - 5 scrolls of vulnerability
 m - 4 scrolls of poison
 o - 3 scrolls of noise
 q - a scroll of teleportation
 s - 4 scrolls of amnesia
 x - 4 scrolls of revelation
 D - 4 scrolls of fog
 O - 3 scrolls of enchant weapon
 V - a scroll of brand weapon
Potions
 c - 6 potions of haste
 d - 4 potions of might
 j - 4 potions of mutation
 l - 8 potions of attraction
 r - a potion of cancellation
 t - 5 potions of enlightenment
 z - 2 potions of heal wounds
 G - 6 potions of curing
 K - 5 potions of lignification
 L - 2 potions of invisibility
 Y - a potion of berserk rage


   Skills:
 - Level 14.0 Fighting
 - Level 4.0 Throwing
 - Level 8.5 Armour
 - Level 8.0 Dodging
 - Level 2.9 Shields
 - Level 18.0 Unarmed Combat
 - Level 2.0 Spellcasting
 + Level 5.5 Translocations


You had 15 spell levels left.
You knew the following spells:

 Your Spells              Type           Power      Damage    Failure   Level
B - Blink                 Tloc           38%        N/A       43%         2

Your spell library contained the following spells:

 Spells                   Type           Power      Damage    Failure   Level
 Lesser Beckoning         Tloc           38%        N/A       43%         2
 Teleport Other           Tloc           19%        N/A       67%         3
 Volatile Blastmotes      Fire/Tloc      20%        2d11      96%         3
 Manifold Assault         Tloc           19%        N/A       97%         4
 Cigotuvi's Dreadful Rot  Necr/Pois/Air  2%         N/A       99%         2
 Poisonous Vapours        Pois/Air       2%         N/A       99%         2
 Sublimation of Blood     Necr           1%         N/A       99%         2
 Wereblood                Tmut           1%         N/A       99%         2
 Dazzling Flash           Conj/Hex       2%         N/A       100%        3
 Ignite Poison            Fire/Tmut/Pois 1%         N/A       100%        3
 Mephitic Cloud           Conj/Pois/Air  1%         N/A       100%        3
 Stone Arrow              Conj/Erth      2%         3d7       100%        3
 Animate Armour           Summ/Erth      2%         N/A       100%        4
 Petrify                  Tmut/Erth      1%         N/A       100%        4
 Vhi's Electric Charge    Tloc/Air       20%        N/A       100%        4
 Agony                    Necr           1%         N/A       100%        5
 Freezing Cloud           Conj/Ice/Air   0%         6-21      100%        5
 Irradiate                Conj/Tmut      0%         3d11      100%        5
 Silence                  Hex/Air        0%         N/A       100%        5
 Starburst                Conj/Fire      0%         6d3       100%        6
 Summon Hydra             Summ           0%         N/A       100%        7
 Lehudib's Crystal Spear  Conj/Erth      0%         10d2      100%        8
 Maxwell's Capacitive Co  Air            0%         ∞         100%        8


Dungeon Overview and Level Annotations

Branches:
Dungeon (12/15)            Temple (0/1) D:6            Lair (5/5) D:8
 Shoals (0/4) Lair:3        Snake (0/4) Lair:3        Slime (0/5) Lair:4
    Orc (0/2) D:10        Ossuary (visited)

Altars:
Gozag
Kikubaaqudgha
Okawaru
Sif Muna
Trog
Vehumet
Xom
Jiyva

Shops:
D:6 **   D:7 :   D:12 *

Annotations:
D:12 Rupert


Innate Abilities, Weirdness & Mutations

Your natural rate of healing is accelerated.
You have razor-sharp teeth.
You have supernaturally acute eyesight. (SInv)
You are afflicted with vampirism and can become a bat while bloodless.


Message History

Rupert is lightly wounded.
You closely miss Rupert. Your bite misses Rupert.
Rupert is lightly wounded.
Rupert hits you with a +5 battleaxe of electrocution!!
You punch Rupert!
Rupert is lightly wounded.
Rupert completely misses you.
You punch Rupert!
Rupert is moderately wounded.
Rupert hits you with a +5 battleaxe of electrocution!!
You are electrocuted!
You punch Rupert! You bite Rupert!
Rupert is moderately wounded.
Rupert hits you with a +5 battleaxe of electrocution!!
* * * LOW HITPOINT WARNING * * *
You punch Rupert!
Rupert is moderately wounded.
You pummel Rupert!! You bite Rupert!
Rupert is heavily wounded.
Rupert hits you with a +5 battleaxe of electrocution.
* * * LOW HITPOINT WARNING * * *
You are electrocuted!!
* * * LOW HITPOINT WARNING * * *
You punch Rupert!
Rupert is severely wounded.
The orc priest calls down the wrath of Beogh upon you.
Beogh smites you!
* * * LOW HITPOINT WARNING * * *
You barely miss Rupert.
Rupert is severely wounded.
Rupert hits you but does no damage.
You punch Rupert!
Rupert is severely wounded.
Rupert closely misses you.
You pummel Rupert!!
Rupert is severely wounded.
Rupert hits you with a +5 battleaxe of electrocution!
You die...
Rupert roars with triumph.
Your body crumbles into a pile of gold.

#.# #o. #o# #o# #o#
#### #o#
...#############@#
...............#@#.#
...................#
....########.....#....#
....# #............
....# #....#.....##
.#.##### ###+##....##
.#.....# ....#
.#####.#######. ....#
.#............. ##.#


You could see Rupert (berserk), an orc priest, an orc wizard and 3 orcs.

Vanquished Creatures
  Gastronok (D:11)
  Fannar (Lair:2)
  Harold (D:11)
  3 catoblepae (Lair:5)
  3 hydras
  4 two-headed ogres
  2 boulder beetles
  24 death yaks
  A skyshark (Lair:5)
  An orc knight (D:12)
  3 manticores
  A cyclops (D:7)
  14 elephants
  2 black mambas
  12 cane toads
  12 komodo dragons
  A troll (D:12)
  A hornet (D:8)
  4 polar bears
  Grinder (D:5)
  22 blink frogs
  5 slime creatures
  3 centaur simulacra (D:11)
  A wraith (D:12)
  85 yaks
  5 wyverns
  3 basilisks
  A steam dragon (D:10)
  2 wargs (D:10)
  Edmund (D:5)
  12 water moccasins
  2 acid dragons
  10 orc warriors
  A sky beast (D:5)
  5 black bears
  4 ice beasts
  15 wolves
  2 ogres
  2 centaurs
  A phantom (D:7)
  2 kobold brigands
  9 bullfrogs
  3 gnoll sergeants (D:8)
  10 scorpions (Ossuary)
  8 killer bees
  3 howler monkeys
  3 electric eels
  A jelly (D:7)
  2 centaur zombies (Ossuary)
  7 hounds
  6 orc priests
  2 human zombies (Ossuary)
  3 gnoll boudas
  An iguana (D:7)
  3 scorpion zombies (Ossuary)
  Ijyb (D:4)
  2 sleepcaps
  13 orc wizards
  A boggart simulacrum (D:11)
  3 mummies (Ossuary)
  30 gnolls
  11 adders
  2 shadow imps
  5 white imps
  An ufetubus (D:11)
  A dart slug (D:3)
  56 orcs
  6 bats
  4 endoplasms
  2 giant cockroaches (D:4)
  2 gnoll zombies (Ossuary)
  12 goblins
  11 hobgoblins
  2 jackals (D:8)
  3 quokkas
  9 ball pythons
  9 frilled lizards
  2 goblin zombies (Ossuary)
  A hobgoblin zombie (Ossuary)
  14 kobolds
  2 kobold zombies (Ossuary)
  2 orc zombies
  2 rats
546 creatures vanquished.

Notes
Turn   | Place    | Note
-------+----------+-------------------------------------------
     0 | D:1      | Midn8 the Vampire Warper began the quest for the Orb.
     0 | D:1      | Reached XP level 1. HP: 16/16 MP: 3/3
   102 | D:1      | Reached skill level 3 in Unarmed Combat
   114 | D:1      | Reached XP level 2. HP: 22/22 MP: 5/5
   316 | D:1      | Gained mutation: You are afflicted with vampirism and can
                  | become a bat while bloodless. [Vampire growth]
   316 | D:1      | Reached XP level 3. HP: 26/27 MP: 6/6
   345 | D:1      | Reached skill level 4 in Unarmed Combat
  1049 | D:2      | Reached XP level 4. HP: 31/33 MP: 7/7
  1066 | D:2      | Reached skill level 5 in Unarmed Combat
  1649 | D:2      | Found a shimmering blue altar of Sif Muna.
  2101 | D:3      | Reached XP level 5. HP: 38/38 MP: 8/8
  2225 | D:3      | Found a radiant altar of Vehumet.
  2287 | D:3      | Reached skill level 6 in Unarmed Combat
  2835 | D:4      | Noticed an ogre
  3023 | D:4      | Found an opulent altar of Gozag.
  3032 | D:4      | Became a worshipper of Gozag Ym Sagoz the Greedy
  3130 | D:4      | Reached XP level 6. HP: 41/47 MP: 9/9
  3187 | D:4      | Noticed Ijyb
  3466 | D:4      | Killed Ijyb
  3503 | D:4      | Identified the +10 whip of Death {freeze, rElec rF+ Dex-3
                  | SInv}
  3576 | D:4      | Reached skill level 7 in Unarmed Combat
  3576 | D:4      | Reached XP level 7. HP: 48/54 MP: 10/10
  3831 | D:5      | Entered Level 5 of the Dungeon
  3937 | D:5      | Learned a level 2 spell: Blink
  3947 | D:5      | Noticed Edmund
  4044 | D:5      | Identified the +3 ring mail "Naitusuk" {Dex+2}
  4160 | D:5      | Noticed Grinder
  4194 | D:5      | Paralysed by Grinder for 5 turns
  4206 | D:5      | Killed Grinder
  4207 | D:5      | Reached skill level 8 in Unarmed Combat
  4207 | D:5      | Reached skill level 5 in Fighting
  4531 | D:5      | Reached XP level 8. HP: 54/64 MP: 11/11
  4634 | D:5      | Killed Edmund
  4898 | D:6      | Reached skill level 9 in Unarmed Combat
  5067 | D:6      | Found Iteit's General Store.
  5069 | D:6      | Found Quinesez's Specific Store.
  5074 | D:6      | Bought a potion of mutation for 112 gold pieces
  5074 | D:6      | Bought a scroll of blinking for 105 gold pieces
  5291 | D:6      | Found a staircase to the Ecumenical Temple.
  5358 | D:6      | Found a sand-covered staircase.
  5372 | Ossuary  | Entered an ossuary
  5395 | Ossuary  | Reached skill level 10 in Unarmed Combat
  5395 | Ossuary  | Reached skill level 1 in Armour
  5601 | Ossuary  | Reached XP level 9. HP: 65/71 MP: 12/12
  6535 | D:7      | Found Xaumey's Tiny Tomes.
  7038 | D:7      | Reached skill level 11 in Unarmed Combat
  7298 | D:7      | Noticed a cyclops
  7307 | D:7      | Killed a cyclops
  7308 | D:7      | Reached skill level 12 in Unarmed Combat
  7308 | D:7      | Reached XP level 10. HP: 77/80 MP: 13/13
  7630 | D:7      | Reached skill level 5 in Armour
  7630 | D:7      | Found an ancient bone altar of Kikubaaqudgha.
  8179 | D:8      | Found a staircase to the Lair.
  8209 | D:8      | Found a shimmering altar of Xom.
  8232 | D:8      | Found a shimmering altar of Xom.
  8232 | D:8      | Found a shimmering altar of Xom.
  8233 | D:8      | Found a shimmering altar of Xom.
  8259 | D:8      | Noticed a two-headed ogre
  8277 | D:8      | Killed a two-headed ogre
  8278 | D:8      | Reached skill level 5 in Dodging
  9276 | D:9      | Noticed a two-headed ogre
  9288 | D:9      | Killed a two-headed ogre
  9289 | D:9      | Reached XP level 11. HP: 51/86 MP: 14/14
  9648 | D:9      | Reached skill level 1 in Shields
  9967 | D:10     | Entered Level 10 of the Dungeon
  9990 | D:10     | Found a bloodstained altar of Trog.
 10114 | D:10     | Reached skill level 13 in Unarmed Combat
 10382 | D:10     | Noticed a two-headed ogre
 10395 | D:10     | Killed a two-headed ogre
 10600 | D:10     | Found a staircase to the Orcish Mines.
 11371 | Lair:1   | Entered Level 1 of the Lair of Beasts
 11594 | Lair:1   | Reached skill level 10 in Fighting
 11956 | Lair:1   | Reached XP level 12. HP: 97/97 MP: 15/15
 12603 | Lair:2   | Noticed Fannar
 12652 | Lair:2   | Killed Fannar
 12826 | Lair:2   | Reached skill level 14 in Unarmed Combat
 13933 | Lair:3   | Noticed an eight-headed hydra
 13966 | Lair:3   | Killed an eight-headed hydra
 14047 | Lair:3   | Found a staircase to the Shoals.
 14142 | Lair:3   | Reached skill level 15 in Unarmed Combat
 14251 | Lair:3   | Found a staircase to the Snake Pit.
 14380 | Lair:3   | Reached XP level 13. HP: 104/106 MP: 16/16
 14976 | Lair:3   | Reached skill level 16 in Unarmed Combat
 15752 | Lair:4   | Found a viscous altar of Jiyva.
 15753 | Lair:4   | Found a staircase to the Slime Pits.
 15972 | Lair:5   | Entered Level 5 of the Lair of Beasts
 16384 | Lair:5   | Identified a scroll of acquirement
 16509 | Lair:5   | Acquired 932 gold pieces
 16543 | Lair:4   | Reached skill level 17 in Unarmed Combat
 16921 | Lair:5   | Reached XP level 14. HP: 69/115 MP: 17/17
 17104 | Lair:5   | Reached skill level 18 in Unarmed Combat
 19056 | D:11     | Noticed Harold
 19072 | D:11     | Killed Harold
 19365 | D:11     | Noticed Gastronok
 19464 | D:11     | Killed Gastronok
 20051 | D:12     | Found Rila's General Store.
 20077 | D:12     | Found an iron altar of Okawaru.
 20139 | D:12     | Reached skill level 5 in Translocations
 20578 | D:12     | Noticed Rupert
 20593 | D:12     | Slain by Rupert

Illustrated notes

Levels and vault maps discovered:
D:1:      dpeg_arrival_refuge, layout_rooms,
          hangedman_abyss_or_decor_lesser_grid
D:2:      layout_basic, basic_altar, minmay_gold_behind_fungi,
          kennysheep_cluttered_room, minmay_lizard_pond
D:3:      minmay_door_path, layout_loops_ring, nicolae_vehumet_altar_sigil
D:4:      layout_basic, grunt_gozag_statues, mrwooster_statue_mirror,
          minmay_diced_spiral, uniq_ijyb
D:5:      nicolae_cairo_tiling_large_dashed, layout_cave_pools,
          serial_column_ruins, column_ruins_hut, column_ruins_open_tiny,
          column_ruins_grid_1, column_ruins_open_tiny,
          column_ruins_corridor_dead_end, column_ruins_columns_dead_end,
          column_ruins_columns_straight, uniq_grinder, uniq_edmund,
          uniq_crazy_yiuf_cottage
D:6:      layout_loops_ring, temple_hall, enter_ossuary_3,
          nicolae_specific_store
D:7:      layout_loops_corners, mainiacjoe_overflow_small_starburst,
          minmay_misc_feat_secret_circle, nicolae_shop_i_like_small_books_too,
          minmay_the_grid_2x2 [minmay_the_grid_pillar_ring,
          minmay_the_grid_large_cup, minmay_the_grid_square_x,
          minmay_the_grid_prize_shrinking_boxes]
D:8:      layout_cave_pools, xom_redecorated, lair_entry_dummy,
          serial_gnoll_camp, gnoll_camp_mini_loothouse, gnoll_camp_mini_basic,
          gnoll_camp_mini_house, gnoll_camp_medium_01
D:9:      layout_cave_pools, kennysheep_generic_room_3
D:10:     layout_grid_maze, overflow_temple_1_default, david_orc_3,
          serial_bayou, serial_bayou_pond_c, serial_bayou_pond_c,
          serial_bayou_crossing, serial_bayou_shore_b
D:11:     layout_stronghold, serial_ice, serial_ice_j, serial_ice_o,
          serial_ice_h, serial_ice_a, serial_ice_m, serial_ice_e, uniq_harold,
          uniq_gastronok
D:12:     layout_basic, serial_shops,
          nicolae_shop_temple_entry_statues_fountains, special_room
          [special_room_orc], okawaru_ov_weapons_minmay, uniq_rupert
Lair:1:   layout_long_grid, lemuel_fruit_tree, grunt_megastairs_4
Lair:2:   layout_loops_ring, gauntlet_entry_generic, grunt_megastairs_5,
          uniq_fannar
Lair:3:   layout_misc_corridors, shoals_dummy_entry, dummy_snake_entry,
          nicolae_quartered_pool_impasse, pdpol_lair_neglected_garden,
          fungi_pond_lemuel, nzn_sisyphean_effort
Lair:4:   layout_roguey, slime_entry_1
Lair:5:   evilmike_catoblepas_cave, layout_gridlike, lemuel_fruit_fields

Skill      XL: |  1  2  3  4  5  6  7  8  9 10 11 12 13 14 |
---------------+-------------------------------------------+-----
Unarmed Combat | 3 4 5 6 7 8 10 12 13 15 17 18 | 18.0
Fighting       | 3 4 5 6 8 10 11 12 14 | 14.0
Armour         | 3 6 7 8 |  8.5
Dodging        | 5 8 |  8.0
Throwing       | 4 |  4.0
Shields        | 2 |  2.9
Translocations | 5 |  5.5
Spellcasting   | |  2.0

Action                     |  1- 3 |  4- 6 |  7- 9 | 10-12 | 13-15 || total
---------------------------+-------+-------+-------+-------+-------++-------
  Melee: Unarmed           |   121 |   223 |   457 |  1100 |  1037 ||  2938
         Bite              |    19 |    21 |    56 |   157 |   181 ||   434
         Punch             |     3 |    10 |    31 |    27 |       ||    71
  Throw: Dart              |     4 |     3 |       |    10 |    38 ||    55
         Stone             |     2 |     1 |       |       |       ||     3
         Boomerang         |       |       |       |       |     2 ||     2
 Invoke: Potion Petition   |       |       |     1 |     1 |     2 ||     4
    Use: Scroll            |       |     5 |    11 |    10 |     4 ||    30
         Potion            |       |       |     2 |     2 |     3 ||     7
   Stab: Sleeping          |     1 |       |       |       |       ||     1
         Distracted        |       |       |     1 |     5 |     4 ||    10
 Armour: Leather armour    |    26 |     3 |       |       |       ||    29
         Ring mail         |       |    63 |    45 |       |       ||   108
         Chain mail        |       |       |   220 |   439 |   380 ||  1039
  Dodge: Dodged            |    60 |   102 |   120 |   256 |   250 ||   788
  Block: Buckler           |       |       |       |   133 |   132 ||   265

Table legend: (Time is in decaauts)
 A = Elapsed time spent in this place.
 B = Non-inter-level travel time spent in this place.
 C = Inter-level travel time spent in this place.
 D = Time resting spent in this place.
 E = Time spent auto-exploring this place.
 F = Levels seen in this place.
 G = Mean time per level.
                   A        B        C        D        E       F      G
               +--------+--------+--------+--------+--------+-----+--------+
         Total |  19989 |  18946 |   1043 |   3274 |   9718 |  18 | 1110.5 |
       Dungeon |  12338 |  11578 |    760 |   1873 |   6467 |  12 | 1028.2 |
          Lair |   7147 |   6865 |    282 |   1282 |   3165 |   5 | 1429.4 |
       Ossuary |    503 |    503 |      0 |    119 |     86 |   1 |  503.0 |
               +--------+--------+--------+--------+--------+-----+--------+

Top non-repeatable levels by time:
  Lair:5: 2239 daAuts
     D:7: 1523 daAuts
  Lair:4: 1482 daAuts
    D:10: 1366 daAuts
     D:8: 1307 daAuts
  Lair:2: 1271 daAuts
     D:3: 1197 daAuts
  Lair:1: 1080 daAuts
    D:11: 1074 daAuts
  Lair:3: 1073 daAuts
     D:2: 1035 daAuts
     D:6: 969 daAuts
     D:5: 893 daAuts
     D:4: 892 daAuts
     D:1: 833 daAuts
